 Dungeon Crawl Stone Soup version 0.24-a0-458-gfcb5e6da0e (webtiles) character file.

Game seed: 10489198279646878692

144 Cecky the Skirmisher (level 5, 0/42 HPs)
             Began as a Demonspawn Abyssal Knight on June 27, 2019.
             Was a Believer of Lugonu.
             Succumbed to a scorpion's poison
             ... on level 3 of the Dungeon.
             The game lasted 00:06:43 (2862 turns).

Cecky the Skirmisher (Demonspawn Abyssal Knight)    Turns: 2862, Time: 00:06:44

Health: 0/42       AC:  9    Str: 13    XL:     5   Next: 5%
Magic:  2/7        EV:  9    Int: 14    God:    Lugonu [**....]
Gold:   133        SH:  0    Dex: 12    Spells: 4/4 levels left

rFire    . . .     SeeInvis .   a - +1 falchion
rCold    + . .     Gourm    .   (no shield)
rNeg     . . .     Faith    .   s - +2 scale mail {MR+}
rPois    +         Spirit   +   (no helmet)
rElec    .         Reflect  .   (no cloak)
rCorr    .         Harm     .   (no gloves)
MR       +....                  y - +0 pair of boots
Stlth    ..........             (no amulet)
HPRegen  0.14/turn              f - ring of poison resistance
MPRegen  0.10/turn              (no ring)

@: lethally poisoned (0 -> -14)
A: cold resistance 1, magic shield
a: Depart the Abyss, Bend Space, Renounce Religion


You were on level 3 of the Dungeon.
You worshipped Lugonu.
Lugonu was pleased with you.
You were hungry.

You visited 1 branch of the dungeon, and saw 4 of its levels.
You visited the Abyss 1 time.

You collected 133 gold pieces.

Inventory:

Hand Weapons
 a - a +1 falchion (weapon)
Missiles
 h - 3 poisoned darts
 p - 4 datura-tipped darts (quivered)
Armour
 s - a +2 scale mail of magic resistance (worn)
 y - a +0 pair of boots (worn)
Jewellery
 f - a ring of poison resistance (left hand)
Wands
 g - a wand of iceblast (10)
 o - a wand of flame (11)
Scrolls
 b - a scroll of enchant armour {unknown}
 d - a scroll of amnesia {unknown}
 j - a scroll of enchant weapon {unknown}
 m - a scroll of immolation {unknown}
 t - a scroll of teleportation {unknown}
 u - a scroll of fear {unknown}
 w - a scroll of remove curse
Potions
 e - a potion of cancellation {unknown}
 l - a potion of magic
 q - a potion of curing
 r - 2 potions of agility
 v - a potion of invisibility
 x - a potion of might {unknown}
Comestibles
 c - 7 rations
 i - 2 chunks of flesh


   Skills:
 + Level 3.9 Fighting
 * Level 3.9 Long Blades
 + Level 2.2 Armour
 - Level 0.8 Dodging
 + Level 2.7 Invocations


You had 4 spell levels left.
You didn't know any spells.
Your spell library was empty.

Dungeon Overview and Level Annotations

Branches:
Dungeon (4/15)
 Temple: D:4-7

Altars:

Annotations:
D:2 1 runed translucent door, Crazy Yiuf


Innate Abilities, Weirdness & Mutations

Your flesh is cold resistant. (rC+)
When hurt, damage is shared between your health and your magic reserves.


Message History

* * * LOW HITPOINT WARNING * * *
You feel sick.
The scorpion stings you but does no damage.
You hit the scorpion but do no damage.
The scorpion is almost dead.
* * * LOW HITPOINT WARNING * * *
You feel sick. The scorpion stings you.
* * * LOW HITPOINT WARNING * * *
You closely miss the scorpion.
The scorpion is almost dead.
* * * LOW HITPOINT WARNING * * *
You feel sick.
The scorpion stings you but does no damage.
You hit the scorpion.
You kill the scorpion!
Lugonu accepts your kill.
Your Armour skill increases to level 2!
You have reached level 5!
You are feeling hungry.
You die...

#### #.# ##.## #..# #.#
### #..# #.# #<.# #.# ###
#..# #.# ##.## #..###
#.###.#.## #..).#
#....###.# ##.#.#
#####.#.######.#.###
#####.##..@.......#
#..[......†(#.#.#.#
###.###.##.##.#.#.#.#
#...........#.#.#.#.#
#####.#.###.##..#.#.#.#.#
.....=#.....##..#.#.#.#.#
#######).#####......#.#.#
#..#####........#.# ###
#...........#####.#


There were no monsters in sight!

Vanquished Creatures
  A scorpion (D:3)
  2 adders
  3 worms (D:2)
  2 dart slugs
  4 leopard geckos
  A ball python (D:2)
  6 bats
  3 giant cockroaches
  3 goblins
  11 hobgoblins
  3 jackals (D:1)
  2 quokkas
  4 frilled lizards
  8 kobolds
  7 rats
  A fungus (D:2)
61 creatures vanquished.

Notes
Turn   | Place    | Note
-------+----------+-------------------------------------------
     0 | Abyss:1  | Cecky the Demonspawn Abyssal Knight began the quest for the
                  | Orb.
     0 | Abyss:1  | Reached XP level 1. HP: 18/18 MP: 2/2
    22 | D:1      | Escaped the Abyss
   244 | D:1      | Gained mutation: When hurt, damage is shared between your
                  | health and your magic reserves. [demonic ancestry]
   244 | D:1      | Reached XP level 2. HP: 24/24 MP: 3/3
   479 | D:1      | Reached ** piety under Lugonu
   771 | D:1      | Gained mutation: Your flesh is cold resistant. (rC+)
                  | [demonic ancestry]
   771 | D:1      | Reached XP level 3. HP: 30/30 MP: 5/5
  1414 | D:2      | Found a faded altar of an unknown god.
  1994 | D:2      | Found a runed translucent door.
  1995 | D:2      | Noticed Crazy Yiuf
  2047 | D:3      | Reached XP level 4. HP: 37/37 MP: 6/6
  2861 | D:3      | HP: 1/37 [poisoned by a scorpion]
  2862 | D:3      | Reached XP level 5. HP: 1/42 MP: 2/7
  2862 | D:3      | Succumbed to a scorpion's poison

Levels and vault maps discovered:
D:1:      minmay_arrival_solitary_statue, layout_basic, minmay_door_square,
          dk_noncrumbling_4
D:2:      layout_rooms, first_ration, chequers_ecumenical_altar_simple_redux,
          uniq_crazy_yiuf_cottage
D:3:      layout_loops_ring, kennysheep_generic_room_3
D:4:      layout_rooms, nemelex_altar_shiori

Skill      XL: |  1  2  3  4 |
---------------+-------------+-----
Long Blades    | 2 3 |  3.9
Armour         | 2 |  2.2
Fighting       | |  3.9
Dodging        | |  0.8
Invocations    | |  2.7

Action                   |  1- 3 |  4- 6 || total
-------------------------+-------+-------++-------
Melee: Falchion          |   126 |    77 ||   203
  Use: Scroll            |       |     5 ||     5
       Potion            |       |     1 ||     1
  Eat: Chunk             |     4 |     2 ||     6
Armor: Leather armour    |    31 |       ||    31
       Chain mail        |    12 |    17 ||    29
       Ring mail         |     5 |       ||     5
       Scale mail        |       |    25 ||    25
Dodge: Dodged            |    67 |    36 ||   103
       Rpst.: Falchion   |    23 |    12 ||    35

Table legend:
 A = Non-vault XP
 B = Vault XP
 C = Vault XP percentage of total XP
 D = Non-vault monster count
 E = Vault monster count
 F = Vault count percentage of total count
                 A         B        C        D         E       F
            +---------+---------+-------+---------+---------+-------
      Total |     207 |       0 |   0.0 |      60 |       0 |   0.0
            +---------+---------+-------+---------+---------+-------
        D:1 |      42 |       0 |   0.0 |      25 |       0 |   0.0
        D:2 |      54 |       0 |   0.0 |      18 |       0 |   0.0
        D:3 |     107 |       0 |   0.0 |      15 |       0 |   0.0
        D:4 |       4 |       0 |   0.0 |       2 |       0 |   0.0
            +---------+---------+-------+---------+---------+-------
